[Event "23rd Alekhine FIDE 2019"]
[Site "Voronezh"]
[Date "2019.06.19"]
[Round "8.7"]
[White "Popov, Maksim"]
[Black "Al-Hajiri, Bader"]
[Result "1-0"]
[ECO "A38"]
[WhiteElo "2014"]
[BlackElo "2121"]
[Annotator "NA"]
[PlyCount "133"]
[EventDate "2019.06.12"]
[EventType "swiss"]
[EventCountry "RUS"]
[SourceTitle "playchess.com"]
[Source "ChessBase"]
[SourceQuality "1"]
[TimeControl "40/5400+30:1800+30"]

1. Nf3 Nf6 2. c4 c5 3. Nc3 Nc6 4. g3 g6 5. Bg2 Bg7 6. d4 cxd4 7. Nxd4 Nxd4 8. Qxd4 O-O 9. O-O d6 10. Qd2 Rb8 11. b3 Bg4 12. Bb2 Qa5 13. h3 Be6 14. Rad1 Qh5 15. g4 Bxg4 16. hxg4 Nxg4 17. Rfe1 Qh2+ 18. Kf1 h5 19. Nd5 Bh6 20. Qd3 Bg5 21. Qh3 e6 22. Qxh2 Nxh2+ 23. Kg1 exd5 24. Kxh2 dxc4 25. bxc4 b5 26. cxb5 Rxb5 27. Ba3 Bf4+ 28. Kg1 Ra5 29. Rd3 Rc8 30. Bd5 Be5 31. Rc1 Rxc1+ 32. Bxc1 Kg7 33. Kg2 Ra4 34. f4 Bxf4 35. Bb3 Rb4 36. Bxf4 Rxf4 37. Rxd6 a5 38. Ra6 Rf5 39. Ra7 g5 40. e4 Rf4 41. Rxa5 f6 42. Ra7+ Kh6 43. Ra6 Rxe4 44. Rxf6+ Kg7 45. Rf7+ Kh6 46. Kf3 Rb4 47. Ke3 h4 48. Bd5 Ra4 49. Rc7 g4 50. Rc4 Ra5 51. Rd4 h3 52. a4 Kg5 53. Bc6 Kh4 54. Bf3 h2 55. Rxg4+ Kh3 56. Re4 Rc5 57. Kf2 Rc2+ 58. Re2 Rc1 59. Bg2+ Kg4 60. Re4+ Kg5 61. Re1 Rc4 62. Ra1 Kf4 63. a5 Rc2+ 64. Kf1 Ke3 65. Ra3+ Kf4 66. Bh1 Kg4 67. Ra1 1-0

[Event "23rd Alekhine FIDE 2019"]
[Site "Voronezh"]
[Date "2019.06.19"]
[Round "8.8"]
[White "Zakirov, Vladislav"]
[Black "Mezhov, Dmitriy"]
[Result "1-0"]
[ECO "B40"]
[WhiteElo "2099"]
[BlackElo "1974"]
[Annotator "NA"]
[PlyCount "57"]
[EventDate "2019.06.12"]
[EventType "swiss"]
[EventCountry "RUS"]
[SourceTitle "playchess.com"]
[Source "ChessBase"]
[SourceQuality "1"]
[TimeControl "40/5400+30:1800+30"]

1. e4 c5 2. Nf3 e6 3. b3 d5 4. exd5 exd5 5. Bb5+ Bd7 6. Bxd7+ Qxd7 7. O-O Nc6 8. Re1+ Be7 9. d4 O-O-O 10. Bb2 Bf6 11. Ne5 Qc7 12. Nxc6 bxc6 13. Nd2 Ne7 14. Nf3 Nf5 15. Qd3 Nxd4 16. Nxd4 cxd4 17. Bxd4 Bxd4 18. Qxd4 f6 19. Re3 Rhe8 20. Rae1 Rxe3 21. Rxe3 Rd7 22. Qc5 Kb7 23. g3 Qb6 24. Qf8 c5 25. Re8 Qc7 26. a4 d4 27. Qg8 h6 28. Qc4 Re7 29. Qb5+ 1-0

[Event "23rd Alekhine FIDE 2019"]
[Site "Voronezh"]
[Date "2019.06.19"]
[Round "8.9"]
[White "Kuznetsov, Sergei"]
[Black "Vasiliev, Maxim"]
[Result "1/2-1/2"]
[ECO "A58"]
[WhiteElo "2071"]
[BlackElo "1898"]
[Annotator "NA"]
[PlyCount "128"]
[EventDate "2019.06.12"]
[EventType "swiss"]
[EventCountry "RUS"]
[SourceTitle "playchess.com"]
[Source "ChessBase"]
[SourceQuality "1"]
[TimeControl "40/5400+30:1800+30"]

1. d4 Nf6 2. c4 c5 3. d5 b5 4. cxb5 a6 5. bxa6 g6 6. g3 Bg7 7. Bg2 d6 8. Nh3 O-O 9. O-O Nbd7 10. Re1 Bxa6 11. f3 Qb6 12. Nc3 Rfb8 13. Nf2 Ne8 14. Qc2 Nc7 15. f4 Bc8 16. h3 Nb5 17. e3 Nf6 18. g4 h5 19. Bf3 Bb7 20. Nxb5 Qxb5 21. e4 hxg4 22. hxg4 Nd7 23. Nd1 Bc8 24. Kg2 Ra7 25. Bd2 Bxb2 26. Rb1 Rxa2 27. Be2 Bd4 28. Rxb5 Rxc2 29. Rxb8 Nxb8 30. Be3 Bxg4 31. Kf1 Bxe2+ 32. Rxe2 Rxe2 33. Kxe2 Bxe3 34. Nxe3 Nd7 35. Nc4 Kg7 36. e5 dxe5 37. fxe5 g5 38. Kf3 Kg6 39. Ke4 g4 40. Kf4 Kh5 41. Ne3 g3 42. Kxg3 Nxe5 43. Kf4 Nd7 44. Nf5 Nb6 45. Nxe7 c4 46. d6 c3 47. Ke3 Nc4+ 48. Kd3 Nxd6 49. Kxc3 Kg5 50. Kd3 Kf4 51. Ke2 Kg4 52. Nd5 Ne4 53. Ne3+ Kf4 54. Nd5+ Ke5 55. Ne3 Nc3+ 56. Kf3 Nd5 57. Ng4+ Ke6 58. Nh6 f6 59. Ng4 f5 60. Nh6 f4 61. Ke4 Kf6 62. Kxd5 f3 63. Ke4 Kg5 64. Kxf3 Kxh6 1/2-1/2

[Event "23rd Alekhine FIDE 2019"]
[Site "Voronezh"]
[Date "2019.06.19"]
[Round "8.10"]
[White "Selensky, Andrey"]
[Black "Khajrutdinov, Ildar"]
[Result "1-0"]
[ECO "A46"]
[WhiteElo "2006"]
[BlackElo "2063"]
[Annotator "NA"]
[PlyCount "58"]
[EventDate "2019.06.12"]
[EventType "swiss"]
[EventCountry "RUS"]
[SourceTitle "playchess.com"]
[Source "ChessBase"]
[SourceQuality "1"]
[TimeControl "40/5400+30:1800+30"]

1. d4 Nf6 2. Nf3 e6 3. Bg5 c5 4. e3 Qb6 5. Nbd2 Qxb2 6. Bc4 Nc6 7. Rb1 Qc3 8. Rb3 Qa5 9. Bxf6 gxf6 10. d5 Nb4 11. O-O b5 12. dxe6 bxc4 13. Nxc4 Qa6 14. exf7+ Kxf7 15. Nfe5+ fxe5 16. Qh5+ Ke7 17. Qxe5+ Qe6 18. Qxh8 Qxc4 19. Qxh7+ Kd8 20. e4 Kc7 21. Qf5 Bb7 22. Rd1 Qe6 23. a3 Qxf5 24. exf5 Nxc2 25. Rc3 Bc6 26. f4 Nd4 27. Kf2 Rb8 28. Rd2 Nxf5 29. g4 Nd6 1-0

[Event "23rd Alekhine FIDE 2019"]
[Site "Voronezh"]
[Date "2019.06.19"]
[Round "8.11"]
[White "Polukhin, Alexander"]
[Black "Mikhnenko, Alexander"]
[Result "1-0"]
[ECO "B12"]
[WhiteElo "1968"]
[BlackElo "2052"]
[Annotator "NA"]
[PlyCount "77"]
[EventDate "2019.06.12"]
[EventType "swiss"]
[EventCountry "RUS"]
[SourceTitle "playchess.com"]
[Source "ChessBase"]
[SourceQuality "1"]
[TimeControl "40/5400+30:1800+30"]

1. e4 c6 2. d4 d5 3. f3 Qb6 4. Nc3 dxe4 5. fxe4 e5 6. Nf3 exd4 7. Nxd4 Bc5 8. Na4 Qa5+ 9. c3 Bd6 10. Nf3 Qc7 11. Qd4 f6 12. Be3 Nd7 13. Rd1 Ke7 14. b4 b6 15. Nb2 Ne5 16. Nc4 Nxc4 17. Bxc4 Bb7 18. e5 fxe5 19. Qg4 Kf8 20. Ng5 Qe7 21. Ne6+ Ke8 22. Nxg7+ Kd8 23. Bg5 Nf6 24. Qf5 Bc8 25. Bxf6 Bxf5 26. Bxe7+ Kxe7 27. Nxf5+ Kd7 28. Nxd6 Kc7 29. O-O Rhf8 30. Rxf8 Rxf8 31. Nf7 Re8 32. Re1 e4 33. Ng5 e3 34. Nxh7 a5 35. bxa5 bxa5 36. Nf6 Re5 37. Ng4 Re4 38. Nxe3 Kd6 39. Nf5+ 1-0

[Event "23rd Alekhine FIDE 2019"]
[Site "Voronezh"]
[Date "2019.06.19"]
[Round "8.12"]
[White "Zhileykin, Andrey"]
[Black "Yaurov, Egor"]
[Result "1-0"]
[ECO "A13"]
[WhiteElo "2193"]
[BlackElo "1840"]
[Annotator "NA"]
[PlyCount "123"]
[EventDate "2019.06.12"]
[EventType "swiss"]
[EventCountry "RUS"]
[SourceTitle "playchess.com"]
[Source "ChessBase"]
[SourceQuality "1"]
[TimeControl "40/5400+30:1800+30"]

1. c4 e6 2. Nf3 d5 3. d4 a6 4. Nbd2 Nf6 5. g3 b6 6. Bg2 Bb7 7. O-O Nbd7 8. a4 Bd6 9. a5 O-O 10. b3 Ne4 11. Nxe4 dxe4 12. Ng5 Nf6 13. Qc2 Bb4 14. Bb2 bxa5 15. Nxe4 Nxe4 16. Bxe4 Bxe4 17. Qxe4 Re8 18. Rfd1 Qd6 19. Qf3 c6 20. e4 Rad8 21. Rd3 Qc7 22. Rad1 Bf8 23. Ra1 Bb4 24. Qg4 Kh8 25. Rad1 Bf8 26. Bc3 Rb8 27. d5 cxd5 28. exd5 exd5 29. cxd5 f6 30. Qa4 Rb5 31. Bd4 Rd8 32. Be3 Bd6 33. Qc4 Qb7 34. Rc1 Rb4 35. Qc2 Kg8 36. Bd2 Rb5 37. Be3 Rb4 38. Qc6 Rxb3 39. Rxb3 Qxb3 40. Bb6 Rb8 41. Ba7 Rd8 42. Bb6 Rb8 43. Bxa5 Qa3 44. Bd2 Rd8 45. Be3 h6 46. Rb1 Qd3 47. Rb7 Bf8 48. Qe6+ Kh7 49. Rf7 Bb4 50. Qg4 Qg6 51. Qe6 Rd6 52. Qe8 Rxd5 53. h4 Rd1+ 54. Kh2 Qg4 55. Bxh6 Rh1+ 56. Kxh1 Qf3+ 57. Kg1 Qd1+ 58. Kh2 Kxh6 59. Qh8+ Kg6 60. Qxg7+ Kf5 61. Qxf6+ Ke4 62. Qe6+ 1-0

[Event "23rd Alekhine FIDE 2019"]
[Site "Voronezh"]
[Date "2019.06.19"]
[Round "8.13"]
[White "Napalkov, Vladimir"]
[Black "Denishev, Marat"]
[Result "0-1"]
[ECO "A57"]
[WhiteElo "2043"]
[BlackElo "2196"]
[Annotator "NA"]
[PlyCount "48"]
[EventDate "2019.06.12"]
[EventType "swiss"]
[EventCountry "RUS"]
[SourceTitle "playchess.com"]
[Source "ChessBase"]
[SourceQuality "1"]
[TimeControl "40/5400+30:1800+30"]

1. d4 Nf6 2. c4 c5 3. d5 b5 4. cxb5 a6 5. e3 axb5 6. Bxb5 Bb7 7. Nc3 g6 8. Nf3 Bg7 9. O-O O-O 10. a4 e6 11. e4 exd5 12. exd5 Na6 13. d6 Re8 14. Bg5 Nb4 15. Nd2 h6 16. Be3 Nfd5 17. Nxd5 Nxd5 18. Nc4 Qh4 19. Ra3 Re4 20. g3 Qh3 21. Qd2 Rd4 22. Bxd4 Qg2+ 23. Kxg2 Nf4+ 24. Kg1 Nh3# 0-1

[Event "23rd Alekhine FIDE 2019"]
[Site "Voronezh"]
[Date "2019.06.19"]
[Round "8.14"]
[White "Gutkovich, Polina"]
[Black "Ponomariov, Timur"]
[Result "0-1"]
[ECO "A41"]
[WhiteElo "2029"]
[BlackElo "2172"]
[Annotator "NA"]
[PlyCount "66"]
[EventDate "2019.06.12"]
[EventType "swiss"]
[EventCountry "RUS"]
[SourceTitle "playchess.com"]
[Source "ChessBase"]
[SourceQuality "1"]
[TimeControl "40/5400+30:1800+30"]

1. d4 d6 2. c4 e5 3. Nf3 e4 4. Ng5 f5 5. Nc3 Be7 6. Nh3 Nf6 7. e3 O-O 8. Be2 c5 9. d5 Nbd7 10. f4 exf3 11. gxf3 Ne5 12. O-O Qe8 13. Kh1 Kh8 14. Rg1 Rg8 15. b4 cxb4 16. Nb5 Qh5 17. Nf4 Qh6 18. c5 dxc5 19. d6 Bd8 20. e4 Qh4 21. Nd5 fxe4 22. Bg5 Qh5 23. Bxf6 exf3 24. Bf1 Bxf6 25. Nxf6 gxf6 26. Rxg8+ Kxg8 27. Nc7 Rb8 28. Qd5+ Kh8 29. Bc4 Bh3 30. d7 Bxd7 31. Rg1 Bg4 32. Qd6 Qf5 33. Be6 f2 0-1

[Event "23rd Alekhine FIDE 2019"]
[Site "Voronezh"]
[Date "2019.06.20"]
[Round "9.1"]
[White "Ashutosh, Kumar"]
[Black "Beldyugin, Alexey"]
[Result "0-1"]
[ECO "A10"]
[WhiteElo "1852"]
[BlackElo "2126"]
[Annotator "NA"]
[PlyCount "98"]
[EventDate "2019.06.12"]
[EventType "swiss"]
[EventCountry "RUS"]
[SourceTitle "playchess.com"]
[Source "ChessBase"]
[SourceQuality "1"]
[TimeControl "40/5400+30:1800+30"]

1. c4 g6 2. g3 Bg7 3. Bg2 Nf6 4. Nc3 c6 5. Nf3 d5 6. Qa4 Nbd7 7. cxd5 Nb6 8. Qb3 Nbxd5 9. O-O Qb6 10. d3 Qxb3 11. axb3 Nxc3 12. bxc3 Nd5 13. d4 Nxc3 14. Re1 Nb5 15. e3 Be6 16. Nd2 O-O 17. Nc4 Bd5 18. Bf1 Rfd8 19. Ra2 Rac8 20. Bd2 e6 21. Rc1 b6 22. Rac2 Bxd4 23. Na5 bxa5 24. Bxb5 Bxb3 25. exd4 Bxc2 26. Ba6 Be4 27. Bxc8 Rxc8 28. Bxa5 Rb8 29. Kf1 Rb2 30. Ke1 f6 31. Rc3 Ra2 32. Bd8 Kf7 33. Rb3 e5 34. Rb7+ Ke6 35. Re7+ Kd6 36. dxe5+ fxe5 37. Rxh7 a5 38. Ra7 a4 39. Bc7+ Ke6 40. Ra5 Bd5 41. f4 e4 42. Be5 Kf5 43. h3 e3 44. Rc5 Ke4 45. Rc1 Rh2 46. Rc3 Rxh3 47. g4 g5 48. Bd6 gxf4 49. Kd1 e2+ 0-1

[Event "23rd Alekhine FIDE 2019"]
[Site "Voronezh"]
[Date "2019.06.20"]
[Round "9.2"]
[White "Eliseev, Mikhail"]
[Black "Tatarintsev, Egor"]
[Result "1/2-1/2"]
[ECO "C10"]
[WhiteElo "2169"]
[BlackElo "2001"]
[Annotator "NA"]
[PlyCount "81"]
[EventDate "2019.06.12"]
[EventType "swiss"]
[EventCountry "RUS"]
[SourceTitle "playchess.com"]
[Source "ChessBase"]
[SourceQuality "1"]
[TimeControl "40/5400+30:1800+30"]

1. e4 e6 2. d4 d5 3. Nc3 dxe4 4. Nxe4 Bd7 5. Nf3 Bc6 6. Bd3 Nd7 7. O-O Ngf6 8. Ng3 Be7 9. c4 Bxf3 10. Qxf3 c5 11. Be3 Qb6 12. dxc5 Bxc5 13. Bxc5 Nxc5 14. b3 O-O 15. Be2 Rfd8 16. Rfd1 a5 17. Qe3 Rxd1+ 18. Rxd1 a4 19. Bf3 axb3 20. axb3 Qb4 21. Qd2 Qxd2 22. Rxd2 Nxb3 23. Rb2 Nc5 24. Rb5 Rc8 25. Bxb7 Nxb7 26. Rxb7 Kf8 27. Rb4 Ke7 28. Nf1 Rc7 29. Ne3 Nd7 30. Kf1 Kd6 31. Ke2 Kc5 32. Rb2 f5 33. f4 g6 34. Kd3 e5 35. Rb5+ Kd6 36. Rd5+ Ke6 37. fxe5 Nxe5+ 38. Kd4 Nc6+ 39. Kc3 Ne5 40. Kd4 Nc6+ 41. Kc3 1/2-1/2

[Event "23rd Alekhine FIDE 2019"]
[Site "Voronezh"]
[Date "2019.06.20"]
[Round "9.3"]
[White "Gorshkov, Yury S."]
[Black "Vasiljev, Ilya"]
[Result "1-0"]
[ECO "A00"]
[WhiteElo "2103"]
[BlackElo "1762"]
[Annotator "NA"]
[PlyCount "69"]
[EventDate "2019.06.12"]
[EventType "swiss"]
[EventCountry "RUS"]
[SourceTitle "playchess.com"]
[Source "ChessBase"]
[SourceQuality "1"]
[TimeControl "40/5400+30:1800+30"]

1. g3 Nf6 2. Bg2 e6 3. Nf3 Be7 4. O-O O-O 5. c4 c5 6. b3 Nc6 7. Bb2 b6 8. d4 cxd4 9. Nxd4 Bb7 10. Nc3 a6 11. Qd2 Qc7 12. Nc2 Rfd8 13. e4 h5 14. h3 d6 15. Rac1 Ne5 16. f4 Ned7 17. Kh1 Rac8 18. Qe2 Qb8 19. f5 Ne5 20. fxe6 fxe6 21. Nd4 Re8 22. Nxe6 Bf8 23. Nxf8 Rxf8 24. Nd5 Bxd5 25. exd5 Rce8 26. Qd2 Qd8 27. Rce1 Nfd7 28. Bd4 a5 29. Rf4 Rxf4 30. gxf4 Ng6 31. Re6 Rxe6 32. dxe6 Ndf8 33. f5 Nh4 34. Bd5 Kh8 35. Qh6+ 1-0

[Event "23rd Alekhine FIDE 2019"]
[Site "Voronezh"]
[Date "2019.06.20"]
[Round "9.4"]
[White "Khajrutdinov, Ildar"]
[Black "Zakirov, Vladislav"]
[Result "1/2-1/2"]
[ECO "A37"]
[WhiteElo "2063"]
[BlackElo "2099"]
[Annotator "NA"]
[PlyCount "65"]
[EventDate "2019.06.12"]
[EventType "swiss"]
[EventCountry "RUS"]
[SourceTitle "playchess.com"]
[Source "ChessBase"]
[SourceQuality "1"]
[TimeControl "40/5400+30:1800+30"]

1. Nf3 c5 2. c4 Nc6 3. Nc3 g6 4. g3 Bg7 5. Bg2 e6 6. O-O Nge7 7. e4 O-O 8. d3 b6 9. Be3 e5 10. Nd5 d6 11. Nd2 Nxd5 12. cxd5 Nd4 13. Bxd4 cxd4 14. a4 Bh6 15. Nc4 f5 16. f3 fxe4 17. fxe4 Ba6 18. b3 Bxc4 19. bxc4 Be3+ 20. Kh1 Rxf1+ 21. Qxf1 Qe7 22. Qe2 Rf8 23. Rf1 Rxf1+ 24. Qxf1 Qf7 25. Qxf7+ Kxf7 26. Bh3 Ke7 27. Bc8 Bd2 28. Kg2 Kf6 29. Bd7 Be3 30. Bc8 Bd2 31. Bd7 Be3 32. Bc8 Bd2 33. Bd7 1/2-1/2

[Event "23rd Alekhine FIDE 2019"]
[Site "Voronezh"]
[Date "2019.06.20"]
[Round "9.5"]
[White "Artemov, Nikita"]
[Black "Popov, Maksim"]
[Result "0-1"]
[ECO "C10"]
[WhiteElo "2028"]
[BlackElo "2014"]
[Annotator "NA"]
[PlyCount "62"]
[EventDate "2019.06.12"]
[EventType "swiss"]
[EventCountry "RUS"]
[SourceTitle "playchess.com"]
[Source "ChessBase"]
[SourceQuality "1"]
[TimeControl "40/5400+30:1800+30"]

1. e4 e6 2. d4 d5 3. Nc3 dxe4 4. Nxe4 Bd7 5. Nf3 Bc6 6. Bd3 Nf6 7. Nxf6+ gxf6 8. c3 Qd5 9. c4 Qh5 10. Be2 Bb4+ 11. Bd2 Qa5 12. O-O Bxd2 13. Qxd2 Qxd2 14. Nxd2 b6 15. Bf3 Bxf3 16. Nxf3 Nd7 17. d5 e5 18. Nh4 a5 19. Nf5 O-O-O 20. b4 axb4 21. Rab1 Kb7 22. Rxb4 Ra8 23. a4 Ra5 24. d6 c5 25. Rb3 Rxa4 26. Rg3 Rxc4 27. Rg7 Rf8 28. Rxh7 b5 29. Rh3 b4 30. Rb3 Ra8 31. h4 Rf4 0-1

[Event "23rd Alekhine FIDE 2019"]
[Site "Voronezh"]
[Date "2019.06.20"]
[Round "9.6"]
[White "Denishev, Marat"]
[Black "Polukhin, Alexander"]
[Result "1-0"]
[ECO "D02"]
[WhiteElo "2196"]
[BlackElo "1968"]
[Annotator "NA"]
[PlyCount "74"]
[EventDate "2019.06.12"]
[EventType "swiss"]
[EventCountry "RUS"]
[SourceTitle "playchess.com"]
[Source "ChessBase"]
[SourceQuality "1"]
[TimeControl "40/5400+30:1800+30"]

1. d4 d5 2. Nf3 Nf6 3. g3 c6 4. Bg2 Bf5 5. O-O e6 6. Nh4 Bg6 7. Nxg6 hxg6 8. Qd3 Bd6 9. c4 Nbd7 10. Nc3 O-O 11. Bg5 dxc4 12. Qxc4 Qa5 13. h4 Rac8 14. Rfd1 e5 15. Bh3 Rc7 16. a3 exd4 17. Qxd4 Be5 18. Qe3 Qb6 19. Rab1 Re8 20. Qf3 Nc5 21. Be3 Bxc3 22. bxc3 Qa5 23. Bd4 Nce4 24. Rd3 Qxa3 25. c4 Qa2 26. Rc1 c5 27. Ra3 Qd2 28. Be3 Qb2 29. Rd3 Rce7 30. Bf4 Nh5 31. Rb3 Qa2 32. Ra3 Qb2 33. Rb3 Qa2 34. Ra3 Qb2 35. Rb3 Qa2 36. Ra3 Qb2 37. Be3 Qf6 1-0

[Event "23rd Alekhine FIDE 2019"]
[Site "Voronezh"]
[Date "2019.06.20"]
[Round "9.7"]
[White "Bukatin, Arseny"]
[Black "Zhileykin, Andrey"]
[Result "0-1"]
[ECO "B92"]
[WhiteElo "2024"]
[BlackElo "2193"]
[Annotator "NA"]
[PlyCount "94"]
[EventDate "2019.06.12"]
[EventType "swiss"]
[EventCountry "RUS"]
[SourceTitle "playchess.com"]
[Source "ChessBase"]
[SourceQuality "1"]
[TimeControl "40/5400+30:1800+30"]

1. e4 c5 2. Nf3 d6 3. d4 cxd4 4. Nxd4 Nf6 5. Nc3 a6 6. Be2 e5 7. Nb3 Be7 8. O-O O-O 9. Be3 Be6 10. Qd2 Qc7 11. a4 Nbd7 12. Rfd1 Rfd8 13. a5 Nc5 14. Nxc5 dxc5 15. Qe1 c4 16. Rxd8+ Bxd8 17. f3 Be7 18. Na4 Nd7 19. Qc3 Rc8 20. Nb6 Nxb6 21. axb6 Qc6 22. Ra5 f6 23. Kf2 Qe8 24. Kg1 Qf8 25. Ra4 Bc5 26. Kf2 Qd6 27. Bxc4 Bxe3+ 28. Kxe3 Qxb6+ 29. Ke2 Bxc4+ 30. Rxc4 Qb5 31. b3 Rxc4 32. bxc4 Qb1 33. Kf2 h6 34. Kg3 Kh7 35. h4 h5 36. Qb3 Qxb3 37. cxb3 Kg6 38. f4 Kf7 39. fxe5 fxe5 40. Kf3 Ke6 41. Ke3 Kd6 42. Kd3 Kc5 43. Kc3 a5 44. g3 g6 45. Kd3 Kb4 46. Kc2 a4 47. bxa4 Kxc4 0-1

[Event "23rd Alekhine FIDE 2019"]
[Site "Voronezh"]
[Date "2019.06.20"]
[Round "9.8"]
[White "Ponomariov, Timur"]
[Black "Kuznetsov, Sergei"]
[Result "1/2-1/2"]
[ECO "A40"]
[WhiteElo "2172"]
[BlackElo "2071"]
[Annotator "NA"]
[PlyCount "66"]
[EventDate "2019.06.12"]
[EventType "swiss"]
[EventCountry "RUS"]
[SourceTitle "playchess.com"]
[Source "ChessBase"]
[SourceQuality "1"]
[TimeControl "40/5400+30:1800+30"]

1. d4 e6 2. Bf4 Nf6 3. e3 c5 4. Nc3 Qa5 5. Qd2 cxd4 6. Nb5 Qxd2+ 7. Kxd2 dxe3+ 8. Bxe3 Nd5 9. Bxa7 Nc6 10. Be3 Nxe3 11. Nc7+ Kd8 12. Nxa8 Nxf1+ 13. Rxf1 Bc5 14. Nf3 b5 15. Ng5 Rf8 16. Nxh7 Rg8 17. Ng5 Bb7 18. Nxf7+ Kc8 19. Nb6+ Kc7 20. Nxd7 Kxd7 21. f4 b4 22. c3 Ra8 23. cxb4 Bxb4+ 24. Kc2 Ke7 25. Rd1 Rxa2 26. Kb3 Ra8 27. Ne5 Bd6 28. Ng6+ Kd7 29. Ne5+ Ke7 30. Ng6+ Kd7 31. Ne5+ Ke7 32. Ng6+ Kd7 33. Ne5+ Ke8 1/2-1/2

[Event "23rd Alekhine FIDE 2019"]
[Site "Voronezh"]
[Date "2019.06.20"]
[Round "9.9"]
[White "Stepochkin, Fedor"]
[Black "Shaydullina, Sandugach"]
[Result "1/2-1/2"]
[ECO "B94"]
[WhiteElo "1929"]
[BlackElo "2128"]
[Annotator "NA"]
[PlyCount "116"]
[EventDate "2019.06.12"]
[EventType "swiss"]
[EventCountry "RUS"]
[SourceTitle "playchess.com"]
[Source "ChessBase"]
[SourceQuality "1"]
[TimeControl "40/5400+30:1800+30"]

1. e4 c5 2. Nf3 d6 3. d4 cxd4 4. Nxd4 Nf6 5. Nc3 a6 6. Bg5 Nbd7 7. Qd2 e6 8. O-O-O h6 9. Be3 Ng4 10. Be2 Nxe3 11. Qxe3 Be7 12. Kb1 O-O 13. f4 Re8 14. g4 Qb6 15. Qg3 Bf6 16. Nb3 a5 17. Nb5 Be7 18. h4 a4 19. N3d4 a3 20. g5 axb2 21. gxh6 Bf6 22. Rhg1 Ra4 23. Nb3 Rxa2 24. Kxa2 Qa6+ 25. Na3 Qxe2 26. Qd3 Qf2 27. Rdf1 Qa7 28. Rxg7+ Kf8 29. Qg3 b5 30. Rg8+ Ke7 31. Rxe8+ Kxe8 32. c3 Nb6 33. Kxb2 b4 34. Nb5 Nc4+ 35. Kc2 Qa2+ 36. Kd3 Qxb3 37. Qg8+ Kd7 38. Qxf7+ Be7 39. h7 bxc3 40. h8=Q c2+ 41. Qc3 Nb2+ 42. Ke3 Nd1+ 43. Kd2 Nxc3 44. Nxc3 Ba6 45. Rc1 Qc4 46. Kxc2 Bb7 47. Re1 Bc6 48. Re3 Ba4+ 49. Kd2 Qd4+ 50. Ke2 Bb3 51. Kf3 Bd1+ 52. Nxd1 Qxd1+ 53. Re2 Qf1+ 54. Rf2 Qh1+ 55. Rg2 Qd1+ 56. Kg3 Qe1+ 57. Rf2 Qg1+ 58. Kf3 Qd1+ 1/2-1/2

[Event "23rd Alekhine FIDE 2019"]
[Site "Voronezh"]
[Date "2019.06.20"]
[Round "9.10"]
[White "Krupin, Victor"]
[Black "Skvortsov, Andrei"]
[Result "0-1"]
[ECO "B02"]
[WhiteElo "1958"]
[BlackElo "2123"]
[Annotator "NA"]
[PlyCount "104"]
[EventDate "2019.06.12"]
[EventType "swiss"]
[EventCountry "RUS"]
[SourceTitle "playchess.com"]
[Source "ChessBase"]
[SourceQuality "1"]
[TimeControl "40/5400+30:1800+30"]

1. e4 Nf6 2. Nc3 d5 3. exd5 Nxd5 4. d4 g6 5. Nf3 Bg7 6. Bc4 c6 7. Nxd5 cxd5 8. Bd3 O-O 9. O-O Bg4 10. c3 Nd7 11. Bf4 Qb6 12. Rb1 Qf6 13. Bg3 Bxf3 14. Qxf3 Qxf3 15. gxf3 a6 16. Rfe1 e6 17. a4 Rfc8 18. a5 Bf8 19. h4 h5 20. Kg2 Be7 21. Ra1 Kf8 22. Kh3 Nf6 23. Bf4 Ne8 24. Rg1 Bd6 25. Bh6+ Ke7 26. Rae1 Kd7 27. Bd2 Bc7 28. Ra1 Nd6 29. Ra4 Rcb8 30. Rga1 Nc8 31. b4 Na7 32. R4a2 Kc6 33. Bc2 Bd6 34. Ba4+ Kc7 35. Bc2 Kd7 36. Bd3 Rc8 37. Rb1 Nb5 38. Bxb5+ axb5 39. Rba1 Ra6 40. Ra3 Rca8 41. Bc1 Kc6 42. R3a2 b6 43. Bd2 Bc7 44. c4 dxc4 45. Bc3 bxa5 46. bxa5 Bd6 47. Rb1 Rb8 48. Rab2 b4 49. Bxb4 Rxb4 50. Rxb4 Bxb4 51. Rxb4 Kd5 52. Rb7 c3 0-1

[Event "23rd Alekhine FIDE 2019"]
[Site "Voronezh"]
[Date "2019.06.20"]
[Round "9.11"]
[White "Abramov, Ilya"]
[Black "Chernov, Vladimir S"]
[Result "1/2-1/2"]
[ECO "D18"]
[WhiteElo "2098"]
[BlackElo "1999"]
[Annotator "NA"]
[PlyCount "142"]
[EventDate "2019.06.12"]
[EventType "swiss"]
[EventCountry "RUS"]
[SourceTitle "playchess.com"]
[Source "ChessBase"]
[SourceQuality "1"]
[TimeControl "40/5400+30:1800+30"]

1. d4 d5 2. c4 c6 3. Nf3 Nf6 4. Nc3 dxc4 5. a4 Bf5 6. e3 e6 7. Bxc4 Bb4 8. O-O O-O 9. Ne2 Nbd7 10. Ng3 Bg6 11. Nh4 Qe7 12. Nxg6 hxg6 13. Qc2 c5 14. dxc5 Nxc5 15. e4 e5 16. Bg5 Ne6 17. Bxe6 Qxe6 18. Rac1 Rac8 19. Qd3 Bc5 20. Ne2 Qb6 21. Bxf6 gxf6 22. a5 Qxa5 23. Nc3 Qb6 24. Nd5 Qxb2 25. Rb1 Qd4 26. Qf3 Rc6 27. Rfd1 Qc4 28. Nxf6+ Rxf6 29. Qxf6 Qxe4 30. Re1 Qd5 31. Qxe5 Qxe5 32. Rxe5 b6 33. Kf1 a5 34. Re4 Kg7 35. Ke2 Rd8 36. h4 Bb4 37. Rd1 Rc8 38. g4 Rc2+ 39. Kf3 Bc5 40. Re2 Rc3+ 41. Kg2 a4 42. Rb1 a3 43. Rb5 Rc4 44. Kf3 Rc3+ 45. Kg2 Kf6 46. Rb1 Rc4 47. Kf3 Bd4 48. Rb3 Bc5 49. Rb1 Ra4 50. Rh1 Bd4 51. Ra2 Bb2 52. h5 Kg7 53. hxg6 fxg6 54. Rd1 Rc4 55. Rd3 b5 56. Raxa3 Bxa3 57. Rxa3 b4 58. Ra5 Kf6 59. Rb5 Rc3+ 60. Kg2 Rb3 61. Kh2 Rb2 62. Kg3 b3 63. Kf3 Rb1 64. Kf4 Rf1 65. Rb6+ Kf7 66. f3 g5+ 67. Ke4 Re1+ 68. Kf5 Re3 69. Rb7+ Kf8 70. f4 gxf4 71. Kxf4 Rc3 1/2-1/2

[Event "23rd Alekhine FIDE 2019"]
[Site "Voronezh"]
[Date "2019.06.20"]
[Round "9.12"]
[White "Neklyudov, Taras"]
[Black "Peschansky, Mikhail"]
[Result "1/2-1/2"]
[ECO "B06"]
[WhiteElo "1921"]
[BlackElo "2075"]
[Annotator "NA"]
[PlyCount "122"]
[EventDate "2019.06.12"]
[EventType "swiss"]
[EventCountry "RUS"]
[SourceTitle "playchess.com"]
[Source "ChessBase"]
[SourceQuality "1"]
[TimeControl "40/5400+30:1800+30"]

1. e4 g6 2. d4 Bg7 3. Nc3 c6 4. Nf3 d6 5. h3 Nf6 6. a4 a5 7. Be2 O-O 8. Be3 Qc7 9. Qd2 e5 10. Bh6 Re8 11. Bxg7 Kxg7 12. O-O Nbd7 13. Rfe1 Nf8 14. Rad1 Be6 15. Bf1 Rad8 16. Qe3 Bc8 17. Rd2 Re7 18. Red1 Rde8 19. dxe5 dxe5 20. Rd6 Rd7 21. Qc5 Rxd6 22. Qxd6 Qxd6 23. Rxd6 N8d7 24. Nd2 Nc5 25. f3 Be6 26. Nc4 Bxc4 27. Bxc4 Nfd7 28. b3 Kf8 29. Kf2 Ke7 30. Rd2 Nb6 31. Bf1 Ne6 32. Ne2 Nd7 33. c3 Ndc5 34. Nc1 h5 35. Bc4 h4 36. Ke3 Nf4 37. Bf1 Rf8 38. Rb2 Rd8 39. Rd2 Rg8 40. Rb2 Rd8 41. Rd2 Rxd2 42. Kxd2 f5 43. Ke3 fxe4 44. fxe4 Kf6 45. Kf3 Kg5 46. Bc4 Kf6 47. Bf1 Nh5 48. Bd3 Ng3 49. Bc2 Nf1 50. Kf2 Ng3 51. Kf3 Ne6 52. Ne2 Ng5+ 53. Ke3 Nh5 54. b4 axb4 55. cxb4 Ke6 56. Bb3+ Kd6 57. a5 Kc7 58. Bc4 Nf6 59. Nc3 Ne8 60. b5 cxb5 61. Bxb5 Nf6 1/2-1/2